 Dungeon Crawl Stone Soup version 0.28-b1-25-g9875b3fc8c (webtiles) character file.

Game seed: 254253094871624377

15456 AlmostDecent the Thaumaturge (level 12, -9/91 HPs)
             Began as a Gnoll Earth Elementalist on Feb 2, 2022.
             Was a Believer of Vehumet.
             Shot with an arrow by Nessos (17 damage)
             ... on level 13 of the Dungeon.
             The game lasted 01:35:44 (14924 turns).

AlmostDecent the Thaumaturge (GnEE)                Turns: 14924, Time: 01:35:45

Health: -9/91      AC:  9    Str: 10    XL:     12   Next: 27%
Magic:  50/52      EV: 14    Int: 28    God:    Vehumet [**....]
Gold:   552        SH:  0    Dex: 10    Spells: 1/28 levels left

rFire   . . .      SeeInvis .   O - +9 flail of the Heavens {venom, MP+9 Str+3 Int+3 Dex-3}
rCold   . . .      Faith    .   (no shield)
rNeg    . . .      Spirit   .   r - +0 troll leather armour
rPois   .          Reflect  .   q - +3 hat of Pondering {ponderous, Will+ MP+10 Int+5}
rElec   .          Harm     .   (no cloak)
rCorr   .          Rampage  .   g - +0 pair of gloves
Will    +....                   (no boots)
Stlth   +++.......              f - amulet of regeneration
HPRegen 1.85/turn               S - +4 ring of slaying
MPRegen 0.33/turn               K - ring of magical power

@: lethally poisoned (-9 -> -35), slow
A: fangs 1, strong nose, distributed training
a: Renounce Religion


You were on level 13 of the Dungeon.
You worshipped Vehumet.
Vehumet was pleased with you.
You visited 2 branches of the dungeon, and saw 14 of its levels.

You collected 859 gold pieces.
You spent 307 gold pieces at shops.

Inventory:

Hand Weapons
 k - a +2 long sword of flaming
 O - the +9 flail of the Heavens (weapon) {venom, MP+9 Str+3 Int+3 Dex-3}
   (You found it on level 10 of the Dungeon)

   It poisons the flesh of those it strikes.
   Str:       It affects your strength (+3).
   Int:       It affects your intelligence (+3).
   Dex:       It affects your dexterity (-3).
   MP:        It affects your magic capacity (+9).
Missiles
 c - 217 stones
 t - 87 bolts
 A - 6 boomerangs
Armour
 g - a +0 pair of gloves (worn)
 q - the +3 hat of Pondering (worn) {ponderous, Will+ MP+10 Int+5}
   (You took it off Gastronok on level 9 of the Dungeon)

   Int:       It affects your intelligence (+5).
   MP:        It affects your magic capacity (+10).
   Will:      It increases your willpower.
 r - a +0 troll leather armour (worn)
 E - a +2 ring mail of poison resistance
 R - the +0 helmet "Rumilown" {rElec Regen+ Str+6}
   (You bought it in a shop on level 12 of the Dungeon)

   Str:       It affects your strength (+6).
   rElec:     It insulates you from electricity.
   Regen:     It increases your rate of health regeneration.
Magical Staves
 a - a staff of conjuration
 o - a staff of death
 D - a staff of earth
Jewellery
 f - an amulet of regeneration (around neck)
 i - a +4 ring of protection
 p - a ring of protection from cold
 C - a ring of fire
 K - a ring of magical power (right hand)
 S - a +4 ring of slaying (left hand)
Wands
 h - a wand of paralysis (10)
 z - a wand of polymorph (6)
 J - a wand of mindburst (24)
 M - a wand of flame (14)
Scrolls
 b - a scroll of immolation {unknown}
 l - 2 scrolls of enchant armour
 y - a scroll of amnesia
 F - 3 scrolls of fog
 H - 2 scrolls of teleportation
 I - a scroll of brand weapon
Potions
 d - 6 potions of curing
 e - 3 potions of brilliance
 j - a potion of heal wounds
 n - a potion of flight
 u - a potion of cancellation {unknown}
 v - a potion of ambrosia {unknown}
 x - 2 potions of mutation
 B - 2 potions of lignification
 N - 2 potions of might
 Q - a potion of haste {unknown}
Miscellaneous
 P - a lightning rod (4/4)


   Skills:
 + Level 7.1 Fighting
 + Level 7.1 Short Blades
 + Level 7.1 Long Blades
 + Level 7.1 Axes
 + Level 7.1 Maces & Flails
 + Level 7.1 Polearms
 + Level 7.1 Staves
 + Level 7.1 Slings
 + Level 7.1 Bows
 + Level 7.1 Crossbows
 + Level 7.1 Throwing
 + Level 7.1 Armour
 + Level 8.5 Dodging
 + Level 8.3 Stealth
 + Level 7.1 Shields
 + Level 7.1 Unarmed Combat
 + Level 8.8 Spellcasting
 + Level 5.9 Conjurations
 + Level 5.9 Hexes
 + Level 5.9 Summonings
 + Level 5.9 Necromancy
 + Level 5.9 Translocations
 + Level 6.3 Transmutations
 + Level 5.9 Fire Magic
 + Level 5.9 Ice Magic
 + Level 5.9 Air Magic
 + Level 8.1 Earth Magic
 + Level 5.9 Poison Magic
 + Level 7.8 Invocations
 + Level 7.1 Evocations


You had one spell level left.
You knew the following spells:

 Your Spells              Type           Power      Damage    Failure   Level
a - Sandblast             Erth           100%       2d20      1%          1
b - Stone Arrow           Conj/Erth      100%       3d13      1%          3
c - Searing Ray           Conj           90%        2d7       1%          2
d - Fulminant Prism       Conj/Hex       22%        3d13      4%          4
e - Swiftness             Air            45%        N/A       1%          3
f - Blink                 Tloc           90%        N/A       1%          2
g - Iskenderun's Mystic   Conj/Tloc      45%        2d10      4%          4
h - Vampiric Draining     Necr           45%        2d9       1%          3
i - Lee's Rapid Deconstr  Erth           27%        3d16*     5%          5

Your spell library contained the following spells:

 Spells                   Type           Power      Damage    Failure   Level
 Foxfire                  Conj/Fire      100%       2x1d9     1%          1
 Animate Skeleton         Necr           90%        N/A       1%          1
 Magic Dart               Conj           100%       1d8       1%          1
 Pain                     Necr           100%       1d9       1%          1
 Shock                    Conj/Air       100%       1d9       1%          1
 Ensorcelled Hibernation  Hex/Ice        90%        N/A       1%          2
 Passwall                 Tmut/Erth      43%        N/A       1%          2
 Static Discharge         Conj/Air       45%        N/A       1%          2
 Petrify                  Tmut/Erth      52%        N/A       3%          4
 Airstrike                Air            22%        N/A       4%          4
 Olgreb's Toxic Radiance  Pois           45%        N/A       4%          4
 Iskenderun's Battlesphe  Conj           45%        2d10      14%         5
 Lightning Bolt           Conj/Air       22%        1d38      14%         5
 Manifold Assault         Tloc           45%        N/A       14%         5
 Iron Shot                Conj/Erth      25%        9d5       43%         6
 Storm Form               Tmut/Air       23%        N/A       98%         7
 Ozocubu's Refrigeration  Ice            22%        4d9       99%         7
 Spellforged Servitor     Conj/Summ      22%        N/A       99%         7
 Ignition                 Fire           22%        3d8       100%        8
 Maxwell's Capacitive Co  Air            22%        ∞         100%        8


Dungeon Overview and Level Annotations

Branches:
Dungeon (13/15)            Temple (1/1) D:7            Lair (0/6) D:8
    Orc (0/2) D:10
 Vaults: D:13-14

Altars:
Ashenzari
Cheibriados
Dithmenos
Elyvilon
Fedhas
Gozag
Hepliaklqana
Kikubaaqudgha
Makhleb
Nemelex Xobeh
Okawaru
Qazlal
Ru
Sif Muna
Trog
Uskayaw
Vehumet
Wu Jian
Xom
Yredelemnul
Zin
The Shining One

Shops:
D:5 :   D:6 ?   D:12 [:*

Annotations:
D:6 2 transporters, BeavisTheGrey's ghost, novice TrFi
D:13 Maurice; Nessos


Innate Abilities, Weirdness & Mutations

You have very sharp teeth.
Your uncanny sense of smell can sniff out nearby items.
Your experience applies equally to all skills.


Message History

Nessos cries, "Oh dear!
Oh dear!"
Nessos gestures wildly while chanting.
Nessos blinks!
Maurice mumbles some strange words.
Maurice blinks!
You feel very sick.
Nessos casts a spell.
Nessos blinks!
Nessos casts a spell.
Nessos blinks!
You feel very sick.
Nessos mumbles some strange words.
Nessos blinks!
Nessos gestures wildly while chanting.
Nessos blinks!
You feel sick.
You feel sick.
You feel sick.
You feel sick.
Nessos seems to regain their courage.
You feel sick.
Nessos shoots an arrow.
The arrow completely misses you.
Nessos shoots an arrow.
The arrow hits you! The arrow burns you!
You are more poisoned.
You feel very sick.
Nessos shoots an arrow.
The arrow hits you!
* * * LOW HITPOINT WARNING * * *
The arrow burns you.
You are more poisoned.
* * * LOW HITPOINT WARNING * * *
Nessos casts a spell.
Nessos seems to speed up.
You hear a shout!
You feel much better.
You feel very sick.
Nessos shoots an arrow.
The arrow hits you!!
* * * LOW HITPOINT WARNING * * *
The arrow burns you.
You are lethally poisoned!
* * * LOW HITPOINT WARNING * * *
Nessos shoots an arrow.
The arrow hits you!
You die...

........#
######c.#
#..# #..#
#..# #..#
#..# #..#
#.@# #..#
#..# ∆
#..# #..#
#..# #..#
∆∆∆ #
#..# ∆ ∆
∆ ###
#..# ∆∆∆
####..


You could see Nessos (fast).

Vanquished Creatures
  Gastronok (D:9)
  7 two-headed ogres
  Sonja (D:10)
  Pikel (D:6)
  An ugly thing (D:11)
  3 trolls
  Prince Ribbit (D:9)
  A hornet (D:9)
  9 slime creatures (D:12)
  2 shadows
  A wyvern (D:8)
  3 wraiths (D:12)
  Edmund (D:6)
  5 vampire mosquitoes
  Duvessa (D:6)
  2 orc warriors
  A sky beast (D:8)
  An ice beast (D:5)
  A necrophage (D:8)
  2 black bears
  4 ogres
  A phantom (D:6)
  2 lemures (D:6)
  3 kobold brigands
  2 bullfrogs
  A gnoll sergeant (D:8)
  A wyvern zombie (D:7)
  3 scorpions
  A water moccasin skeleton (D:5)
  Dowan (D:6)
  14 killer bees
  7 wights
  9 howler monkeys
  2 bullfrog zombies (D:6)
  5 hounds
  2 orc priests
  A jelly (D:6)
  5 centaur zombies
  An iguana (D:5)
  Jessica (D:2)
  Terence (D:2)
  14 orc wizards
  A howler monkey zombie (D:9)
  Robin (D:2)
  9 gnolls
  5 adders
  3 worms
  5 dart slugs
  48 orcs
  2 bats (D:1)
  7 endoplasms
  A giant cockroach (D:3)
  7 goblins
  9 hobgoblins
  11 jackals
  3 quokkas
  7 ball pythons
  4 frilled lizards
  21 kobolds
  3 rats
273 creatures vanquished.

Vanquished Creatures (others)
  38 fulminant prisms
  9 plants
47 creatures vanquished.

Grand Total: 320 creatures vanquished

Notes
Turn   | Place    | Note
-------+----------+-------------------------------------------
     0 | D:1      | AlmostDecent the Gnoll Earth Elementalist began the quest
                  | for the Orb.
     0 | D:1      | Reached XP level 1. HP: 13/13 MP: 6/6
   175 | D:1      | Reached XP level 2. HP: 19/19 MP: 3/7
  1092 | D:2      | Noticed Jessica
  1097 | D:2      | Killed Jessica
  1098 | D:2      | Reached skill level 5 in Spellcasting
  1098 | D:2      | Reached skill level 1 in Invocations
  1098 | D:2      | Reached XP level 3. HP: 25/25 MP: 5/9
  1158 | D:2      | Reached skill level 1 in Fighting
  1158 | D:2      | Reached skill level 1 in Short Blades
  1158 | D:2      | Reached skill level 1 in Long Blades
  1158 | D:2      | Reached skill level 1 in Axes
  1158 | D:2      | Reached skill level 1 in Maces & Flails
  1158 | D:2      | Reached skill level 1 in Polearms
  1158 | D:2      | Reached skill level 1 in Staves
  1158 | D:2      | Reached skill level 1 in Slings
  1158 | D:2      | Reached skill level 1 in Bows
  1158 | D:2      | Reached skill level 1 in Crossbows
  1158 | D:2      | Reached skill level 1 in Throwing
  1158 | D:2      | Reached skill level 1 in Armour
  1158 | D:2      | Reached skill level 1 in Shields
  1158 | D:2      | Reached skill level 1 in Unarmed Combat
  1158 | D:2      | Reached skill level 1 in Evocations
  1171 | D:2      | Reached XP level 4. HP: 32/32 MP: 2/11
  1334 | D:2      | Noticed Robin
  1350 | D:2      | Killed Robin
  1474 | D:2      | Noticed Terence
  1488 | D:2      | Killed Terence
  1489 | D:2      | Reached skill level 1 in Conjurations
  1489 | D:2      | Reached skill level 1 in Hexes
  1489 | D:2      | Reached skill level 1 in Summonings
  1489 | D:2      | Reached skill level 1 in Necromancy
  1489 | D:2      | Reached skill level 1 in Translocations
  1489 | D:2      | Reached skill level 1 in Fire Magic
  1489 | D:2      | Reached skill level 1 in Ice Magic
  1489 | D:2      | Reached skill level 1 in Air Magic
  1489 | D:2      | Reached skill level 1 in Poison Magic
  1589 | D:2      | Found a faded altar of an unknown god.
  1675 | D:2      | Reached XP level 5. HP: 37/37 MP: 9/12
  2039 | D:3      | Found a stormy altar of Qazlal.
  2546 | D:3      | Learned a level 3 spell: Stone Arrow
  2549 | D:3      | Learned a level 2 spell: Searing Ray
  2554 | D:3      | Learned a level 4 spell: Fulminant Prism
  3189 | D:4      | Noticed an ogre
  3192 | D:4      | Killed an ogre
  3193 | D:4      | Reached XP level 6. HP: 44/44 MP: 7/14
  3363 | D:4      | Learned a level 3 spell: Swiftness
  3490 | D:4      | Noticed a two-headed ogre
  3513 | D:5      | Entered Level 5 of the Dungeon
  3513 | D:5      | Found Bunn's Self-Improvement Boutique.
  3609 | D:5      | Reached skill level 5 in Dodging
  3674 | D:5      | Reached XP level 7. HP: 50/50 MP: 0/15
  3844 | D:5      | Found a broken altar of Ashenzari.
  3845 | D:5      | Found a shadowy altar of Dithmenos.
  3868 | D:5      | Found a hide-covered altar of Uskayaw.
  4199 | D:4      | Killed a two-headed ogre
  4200 | D:4      | Reached skill level 5 in Stealth
  4200 | D:4      | Reached XP level 8. HP: 6/58 MP: 0/17
  4807 | D:4      | Learned a level 2 spell: Blink
  5265 | D:5      | Found a hazy altar of Hepliaklqana.
  5270 | D:5      | Found a shimmering altar of Xom.
  5276 | D:5      | Found a basalt altar of Yredelemnul.
  5643 | D:6      | Found Jeowuel's Magic Scroll Shop.
  5682 | D:6      | Noticed Duvessa
  5683 | D:6      | Noticed Dowan
  5694 | D:6      | Killed Dowan
  5710 | D:6      | Killed Duvessa
  5711 | D:6      | Reached XP level 9. HP: 25/65 MP: 0/18
  5859 | D:6      | Noticed Edmund
  5885 | D:6      | Killed Edmund
  6328 | D:6      | Noticed Pikel
  6335 | D:6      | Killed Pikel
  6519 | D:6      | Reached skill level 5 in Invocations
  6550 | D:6      | Found a glowing silver altar of Zin.
  6630 | D:6      | Found a transporter.
  6634 | D:6      | Noticed BeavisTheGrey's ghost (novice TrFi)
  6714 | D:6      | Found a transporter.
  7624 | D:7      | Reached XP level 10. HP: 63/73 MP: 1/20
  7753 | D:7      | Found a staircase to the Ecumenical Temple.
  7761 | Temple   | Entered the Ecumenical Temple
  7924 | D:7      | Reached skill level 5 in Fighting
  7924 | D:7      | Reached skill level 5 in Short Blades
  7924 | D:7      | Reached skill level 5 in Long Blades
  7924 | D:7      | Reached skill level 5 in Axes
  7924 | D:7      | Reached skill level 5 in Maces & Flails
  7924 | D:7      | Reached skill level 5 in Polearms
  7924 | D:7      | Reached skill level 5 in Staves
  7924 | D:7      | Reached skill level 5 in Slings
  7924 | D:7      | Reached skill level 5 in Bows
  7924 | D:7      | Reached skill level 5 in Crossbows
  7924 | D:7      | Reached skill level 5 in Throwing
  7924 | D:7      | Reached skill level 5 in Armour
  7924 | D:7      | Reached skill level 5 in Shields
  7924 | D:7      | Reached skill level 5 in Unarmed Combat
  7924 | D:7      | Reached skill level 5 in Evocations
  8729 | D:8      | Noticed a two-headed ogre
  8767 | D:8      | Killed a two-headed ogre
  8803 | D:8      | Reached skill level 5 in Transmutations
  9343 | D:8      | Found a radiant altar of Vehumet.
  9348 | D:8      | Became a worshipper of Vehumet
  9831 | D:8      | Found a staircase to the Lair.
 10106 | D:9      | Noticed Prince Ribbit
 10112 | D:9      | Killed Prince Ribbit
 10179 | D:9      | Noticed a two-headed ogre
 10189 | D:9      | Killed a two-headed ogre
 10277 | D:9      | Noticed Gastronok
 10548 | D:9      | Killed Gastronok
 10549 | D:9      | Reached skill level 5 in Conjurations
 10549 | D:9      | Reached skill level 5 in Hexes
 10549 | D:9      | Reached skill level 5 in Summonings
 10549 | D:9      | Reached skill level 5 in Necromancy
 10549 | D:9      | Reached skill level 5 in Translocations
 10549 | D:9      | Reached skill level 5 in Fire Magic
 10549 | D:9      | Reached skill level 5 in Ice Magic
 10549 | D:9      | Reached skill level 5 in Air Magic
 10549 | D:9      | Reached skill level 5 in Poison Magic
 10549 | D:9      | Reached XP level 11. HP: 16/81 MP: 4/22
 10823 | D:9      | Found a burning altar of Makhleb.
 11164 | D:9      | Reached * piety under Vehumet
 11164 | D:9      | Offered knowledge of Freeze by Vehumet.
 11562 | D:10     | Entered Level 10 of the Dungeon
 11728 | D:10     | Found a staircase to the Orcish Mines.
 11743 | D:10     | Identified the +9 flail of the Heavens {venom, MP+9 Str+3
                  | Int+3 Dex-3}
 11885 | D:10     | Noticed Sonja
 11902 | D:10     | Killed Sonja
 12445 | D:11     | Noticed a two-headed ogre
 12453 | D:11     | Killed a two-headed ogre
 12463 | D:11     | Noticed a two-headed ogre
 12472 | D:11     | Killed a two-headed ogre
 12476 | D:11     | Noticed a two-headed ogre
 12487 | D:11     | Killed a two-headed ogre
 12792 | D:11     | Noticed a brown ugly thing
 12803 | D:11     | Killed a brown ugly thing
 13281 | D:12     | Found Tazumel's Book Boutique.
 13366 | D:12     | Found Hixuvv Hodd's General Store.
 13372 | D:12     | Bought a scroll of identify for 22 gold pieces
 13390 | D:12     | Found Diteovac's Antique Armour Shoppe.
 13721 | D:12     | Bought a faintly glowing helmet for 285 gold pieces
 13721 | D:12     | Identified the +0 helmet "Rumilown" {rElec Regen+ Str+6}
                  | (You bought it in a shop on level 12 of the Dungeon)
 13858 | D:12     | Offered knowledge of Foxfire by Vehumet.
 13859 | D:12     | Reached XP level 12. HP: 84/89 MP: 24/24
 13990 | D:12     | Reached ** piety under Vehumet
 14272 | D:12     | Noticed a two-headed ogre
 14280 | D:12     | Killed a two-headed ogre
 14839 | D:12     | Learned a level 4 spell: Iskenderun's Mystic Blast
 14843 | D:12     | Learned a level 3 spell: Vampiric Draining
 14849 | D:12     | Learned a level 5 spell: Lee's Rapid Deconstruction
 14910 | D:13     | Noticed Maurice
 14911 | D:13     | Noticed Nessos
 14924 | D:13     | Shot with an arrow by Nessos

Illustrated notes

Levels and vault maps discovered:
D:1:      dpeg_arrival_shelter, layout_basic
D:2:      minmay_spotlight, layout_loops_ring,
          hellmonk_ecumenical_altar_pennies_from_heaven, uniq_robin,
          uniq_jessica, uniq_terence
D:3:      layout_loops_corners, nicolae_qazlal_scattered_showers, serial_bayou,
          serial_bayou_lagoon_a, serial_bayou_lake_a, serial_bayou_pond_d,
          serial_bayou_pond_d
D:4:      layout_gridville, minmay_pentomino_pile
D:5:      layout_basic, gammafunk_temple_overflow_statue,
          minmay_overflow_temple_star_quad, nicolae_uskayaw_dance_hall,
          chequers_arboretum, nicolae_shop_self_help
D:6:      layout_loops_ring, zin_statuary, gammafunk_ghost_stat_death,
          serial_shops, nicolae_stop_n_shop_1, uniq_duvessa, uniq_edmund,
          uniq_pikel
D:7:      layout_rooms, minmay_temple_entry_gardened_gates
D:8:      layout_basic, mainiacjoe_overflow_chevrons, lair_entry_dummy
D:9:      layout_gridville, mainiacjoe_overflow_concentric_impassable,
          wad_floor_pattern_untrapped, uniq_gastronok, uniq_prince_ribbit1
D:10:     layout_irregular_city, orc_0_dummy, minmay_misc_feat_room, uniq_sonja
D:11:     layout_basic
D:12:     layout_cave_pods, serial_shops, nicolae_shop_trees,
          nicolae_shop_waterfront, nicolae_shop_behind_doors
D:13:     minmay_the_grid_triangle_9x9_rhombus_full
          [minmay_the_grid_triangle_9x9_dagger,
          minmay_the_grid_triangle_9x9_minimal,
          minmay_the_grid_triangle_9x9_alien,
          minmay_the_grid_triangle_9x9_shrine,
          minmay_the_grid_triangle_9x9_zippers_vertical,
          minmay_the_grid_triangle_9x9_from_above,
          minmay_the_grid_triangle_9x9_corruption,
          minmay_the_grid_triangle_9x9_prize_center], layout_basic,
          uniq_maurice, uniq_nessos
Temple:   nicolae_temple_hex_pool

Skill      XL: |  1  2  3  4  5  6  7  8  9 10 11 12 |
---------------+-------------------------------------+-----
Transmutations | 2 3 4 5 6 |  6.3
Spellcasting   | 5 6 7 8 |  8.8
Invocations    | 1 2 3 4 5 6 7 |  7.8
Fighting       | 1 2 3 4 6 7 |  7.1
Short Blades   | 1 2 3 4 6 7 |  7.1
Long Blades    | 1 2 3 4 6 7 |  7.1
Axes           | 1 2 3 4 6 7 |  7.1
Maces & Flails | 1 2 3 4 6 7 |  7.1
Polearms       | 1 2 3 4 6 7 |  7.1
Staves         | 1 2 3 4 6 7 |  7.1
Slings         | 1 2 3 4 6 7 |  7.1
Bows           | 1 2 3 4 6 7 |  7.1
Crossbows      | 1 2 3 4 6 7 |  7.1
Throwing       | 1 2 3 4 6 7 |  7.1
Armour         | 1 2 3 4 6 7 |  7.1
Shields        | 1 2 3 4 6 7 |  7.1
Unarmed Combat | 1 2 3 4 6 7 |  7.1
Evocations     | 1 2 3 4 6 7 |  7.1
Conjurations   | 1 2 3 5 |  5.9
Hexes          | 1 2 3 5 |  5.9
Summonings     | 1 2 3 5 |  5.9
Necromancy     | 1 2 3 5 |  5.9
Translocations | 1 2 3 5 |  5.9
Fire Magic     | 1 2 3 5 |  5.9
Ice Magic      | 1 2 3 5 |  5.9
Air Magic      | 1 2 3 5 |  5.9
Poison Magic   | 1 2 3 5 |  5.9
Dodging        | 5 6 7 8 |  8.5
Stealth        | 5 6 7 8 |  8.3
Earth Magic    | 6 7 8 |  8.1

Action                   |  1- 3 |  4- 6 |  7- 9 | 10-12 || total
-------------------------+-------+-------+-------+-------++-------
Melee: Staff             |     3 |    10 |    20 |    30 ||    63
       Bite              |       |     2 |     1 |     4 ||     7
       Punch             |       |     2 |     1 |     2 ||     5
       Flail             |       |       |       |    18 ||    18
 Cast: Sandblast         |    32 |    77 |    52 |    79 ||   240
       Stone Arrow       |       |    17 |    73 |   132 ||   222
       Fulminant Prism   |       |       |     1 |    37 ||    38
       Swiftness         |       |       |       |     1 ||     1
  Use: Scroll            |       |       |    12 |    10 ||    22
       Potion            |       |       |     1 |     6 ||     7
Armor: Robe              |     2 |     5 |    19 |    21 ||    47
       Troll leather arm |       |       |       |    12 ||    12
Dodge: Dodged            |     5 |    14 |    40 |   102 ||   161
